 Dungeon Crawl Stone Soup version 0.30-a0-1112-gfb780f5df6 (webtiles) character file.

Game seed: 644425516429331518

65 tilp the Digger (level 4, -2/35 HPs)
             Began as a Meteoran Earth Elementalist on Apr 19, 2023.
             Slain by a gnoll
             ... wielding a +0 spear
              (8 damage)
             ... on level 3 of the Dungeon.
             The game lasted 00:03:49 (701 turns).

tilp the Digger (Meteoran Earth Elementalist)        Turns: 701, Time: 00:03:50

Health: -2/35      AC:  2    Str:  9    XL:     4   Next: 62%
Magic:  4/10       EV: 13    Int: 19    God:
Gold:   102        SH:  0    Dex: 14    Spells: 5/9 levels left

rFire   . . .      SeeInvis .    a - +0 whip
rCold   . . .      Faith    .    (no shield)
rNeg    . . .      Spirit   .    d - +0 robe
rPois   .          Reflect  .    (no helmet)
rElec   .          Rampage  .    (no cloak)
rCorr   .                        (no gloves)
Will    .....                    (no boots)
Stlth   +                        (no amulet)
HPRegen 0.25/turn                (no ring)
MPRegen 0.12/turn                (no ring)

@: glowing
A: sense surroundings 1, otherworldly, glowing, explore regen
a: no special abilities


You were on level 3 of the Dungeon.
You visited 1 branch of the dungeon, and saw 3 of its levels.

You collected 102 gold pieces.

Inventory:

Hand Weapons
 a - a +0 whip (weapon)
 b - a +0 mace
 e - a +3 dagger
 p - a +0 flail
Missiles
 i - 15 stones
 l - 16 poisoned darts (quivered)
 n - 5 silver javelins
Armour
 d - a +0 robe (worn)
Scrolls
 m - 3 scrolls of fog
 o - 3 scrolls of enchant armour {unknown}
Potions
 c - a potion of degeneration {unknown}
 f - a potion of curing {unknown}
 g - a potion of attraction {unknown}
 h - a potion of flight {unknown}
 j - 2 potions of ambrosia {unknown}
 k - 4 potions of haste {unknown}


   Skills:
 + Level 1.2 Fighting
 + Level 1.6 Maces & Flails
 + Level 2.9 Dodging
 - Level 1.4 Stealth
 + Level 3.3 Spellcasting
 - Level 1.2 Transmutations
 * Level 4.6 Earth Magic


You had 5 spell levels left.
You knew the following spells:

 Your Spells              Type           Power      Damage    Failure   Level
a - Sandblast             Erth           40%        2d10      2%          1
b - Stone Arrow           Conj/Erth      22%        3d8       17%         3

Your spell library contained the following spells:

 Spells                   Type           Power      Damage    Failure   Level
 Passwall                 Tmut/Erth      11%        N/A       7%          2
 Petrify                  Tmut/Erth      14%        N/A       41%         4


Dungeon Overview and Level Annotations

Branches:
Dungeon (3/15) Zot: 1066

Altars:


Innate Abilities, Weirdness & Mutations

You passively map a small area around you.
You are easily found by Zot.
You glow in the dark.
You regain HP and MP as you explore.


Message History

Confirm with . or Enter, or press ? or * to list all spells.
Aiming: Sandblast (safe; 2% risk of failure)
Press: ? - help, Shift-Dir - straight line, f/p - gnoll
Aim: a gnoll, wielding a +0 club (85% to hit)
The blast of sand hits the gnoll.
The gnoll is moderately wounded.
Unknown command.
Casting: Sandblast (safe; 2% risk of failure)
Confirm with . or Enter, or press ? or * to list all spells.
Aiming: Sandblast (safe; 2% risk of failure)
Press: ? - help, Shift-Dir - straight line, f/p - gnoll
Aim: a gnoll, wielding a +0 club (85% to hit)
The blast of sand hits the gnoll!
The gnoll is heavily wounded.
The gnoll hits you with a +0 club. x2
The gnoll hits you from afar with a +0 spear.
The gnoll barely misses you. The gnoll hits you but does no damage.
The gnoll hits you with a +0 club.
* * * LOW HITPOINT WARNING * * *
Casting: Sandblast (safe; 2% risk of failure)
Confirm with . or Enter, or press ? or * to list all spells.
Aiming: Sandblast (safe; 2% risk of failure)
Press: ? - help, Shift-Dir - straight line, f/p - gnoll
Aim: a gnoll, wielding a +0 club (heavily wounded, 85% to hit)
The blast of sand hits the gnoll.
You kill the gnoll!
The gnoll hits you from afar with a +0 spear!
* * * LOW HITPOINT WARNING * * *
The gnoll misses you. The gnoll closely misses you.
Casting: Sandblast (safe; 2% risk of failure)
Confirm with . or Enter, or press ? or * to list all spells.
Aiming: Sandblast (safe; 2% risk of failure)
Press: ? - help, Shift-Dir - straight line, f - gnoll
Aim: a gnoll, wielding a +0 club (moderately wounded, 85% to hit)
The blast of sand hits the gnoll!
You kill the gnoll!
The gnoll hits you from afar with a +0 spear.
* * * LOW HITPOINT WARNING * * *
The gnoll hits you from afar with a +0 spear!
You die...

. #.#.. ** * ..,...g##**
,.. .<..., ,, ###
,*#.##..# *... ,
.##.....######.# *
.....#..g......#
#..###.......gg#*
$#..........###)## ,
....##.##.###)@.#
###...##.#### #...# ,
,.........# #...# *
##........# #...# *
..........# #...# * *
#..#.....## #...# ,*
#.........####...########
#
.#.......................#
.#,
.................).......#
#.#.#.


You could see 2 gnolls.

Vanquished Creatures
  2 gnolls (D:3)
  An adder (D:2)
  A dart slug (D:3)
  5 orcs (D:3)
  3 bats
  4 endoplasms
  A giant cockroach (D:1)
  4 goblins
  A hobgoblin (D:3)
  2 jackals (D:2)
  2 kobolds (D:1)
  5 ball pythons
  3 frilled lizards
  7 rats
41 creatures vanquished.

Notes
Turn   | Place    | Note
-------+----------+-------------------------------------------
     0 | D:1      | tilp the Meteoran Earth Elementalist began the quest for
                  | the Orb.
     0 | D:1      | Reached XP level 1. HP: 14/14 MP: 5/5
    39 | D:1      | Reached XP level 2. HP: 20/20 MP: 1/6
   144 | D:2      | Reached skill level 1 in Maces & Flails
   263 | D:2      | Reached skill level 4 in Earth Magic
   263 | D:2      | Reached XP level 3. HP: 24/27 MP: 4/8
   382 | D:2      | Reached skill level 1 in Fighting
   599 | D:3      | Reached XP level 4. HP: 29/35 MP: 7/9
   646 | D:3      | Learned a level 3 spell: Stone Arrow
   701 | D:3      | Slain by a gnoll

Illustrated notes

Levels and vault maps discovered:
D:1:      dpeg_arrival_tiny_a, layout_rooms
D:2:      minmay_angry_zag, layout_basic, chequers_serial_rivers_micro_d,
          minmay_fountain_box, minmay_crystal_water,
          chequers_serial_rivers_marsh, kennysheep_generic_room_5
D:3:      layout_loops_cross, kennysheep_generic_room_12

Skill      XL: |  1  2  3 |
---------------+----------+-----
Maces & Flails | 1 |  1.6
Spellcasting   | 3 |  3.3
Earth Magic    | 4 |  4.6
Fighting       | 1 |  1.2
Dodging        | |  2.9
Stealth        | |  1.4
Transmutations | |  1.2

Action                     |  1- 3 |  4- 6 || total
---------------------------+-------+-------++-------
  Melee: Whip              |     3 |     8 ||    11
   Cast: Sandblast         |    43 |    20 ||    63
    Use: Scroll            |     3 |       ||     3
         Potion            |       |     1 ||     1
 Armour: Robe              |     5 |     3 ||     8
  Dodge: Dodged            |    15 |    15 ||    30

Table legend: (Time is in decaauts)
 A = Elapsed time spent in this place.
 B = Non-inter-level travel time spent in this place.
 C = Inter-level travel time spent in this place.
 D = Time resting spent in this place.
 E = Time spent auto-exploring this place.
 F = Levels seen in this place.
 G = Mean time per level.
                   A        B        C        D        E       F      G
               +--------+--------+--------+--------+--------+-----+--------+
         Total |    732 |    713 |     19 |     31 |      0 |   3 |  244.0 |
       Dungeon |    732 |    713 |     19 |     31 |      0 |   3 |  244.0 |
               +--------+--------+--------+--------+--------+-----+--------+

Top non-repeatable levels by time:
     D:2: 345 daAuts
     D:3: 198 daAuts
     D:1: 189 daAuts
